AoeStats
← pain

Nomad

508527561Analyzed
4v4 RM · 8d ago on Sep 22, 2026· 60m 29s· 8 players
Game mode
Random Map
Map size
231×231
Population
200
Speed
Normal
Resources
Standard
Victory
Conquest
Starting age
Dark Age
Ending age
Imperial Age
RankedLock teamsTeams togetherTeam positionsShared explorationLock speedFull tech treeHidden civsTurbo modeCheats
Victory
Defeat
🇹🇷 Random · Türkiye
1119
+32
🇨🇱 Persians · Chile
1101
+17
🇺🇸 Italians · United States
1094
+17
🇵🇪 Celts · Peru
1078
+18
🇺🇸 Random · United States
1163
-19
🇲🇽 Mongols · Mexico
1144
-18
🇦🇹 Malay · Austria
1137
-18
🇺🇸 Random · United States
1018
-13
WhiteFrost
5:47 Loom
13:00 Feudal Age
13:52 Double-Bit Axe
14:57 Fletching
17:02 Town Watch
21:58 Castle Age
20:16 Fishing Lines
25:51 Wheelbarrow
25:53 Bow Saw
26:55 Bodkin Arrow
27:36 Medium Warships
27:38 Gold Mining
28:40 Padded Archer Armor
31:22 Stone Mining
32:08 Leather Archer Armor
34:04 Masonry
35:03 Ballistics
39:34 Imperial Age
38:50 Treadmill Crane
40:38 Hand Cart
41:41 Conscription
41:18 Horse Collar
42:01 Bracer
44:12 Ring Archer Armor
53:58 Stone Shaft Mining
55:20 Pikeman
57:06 Forging
56:57 Scale Mail Armor
57:32 Squires
57:17 Arson
59:38 Heavy Plow
60:04 Elite Skirmisher
Calcetin
11:39 Loom
14:51 Feudal Age
21:40 Castle Age
20:20 Double-Bit Axe
21:48 Town Watch
22:39 Wheelbarrow
34:34 Imperial Age
32:34 Bow Saw
32:08 Horse Collar
32:48 Heavy Plow
35:13 Forging
35:09 Scale Barding Armor
35:56 Hand Cart
35:20 Cavalier
36:11 Bloodlines
36:02 Husbandry
37:22 Iron Casting
37:45 Savar
41:12 Chain Barding Armor
42:48 Blast Furnace
45:27 Plate Barding Armor
46:50 Pikeman
47:15 Gambesons
47:31 Squires
49:31 Scale Mail Armor
49:21 Elite Skirmisher
50:07 Thumb Ring
49:56 Halberdier
56:51 Two-Man Saw
56:27 Crop Rotation
60:47 Chemistry
60:09 Fletching
60:20 Padded Archer Armor
1Timoteo2:11
6:01 Loom
15:02 Feudal Age
19:50 Castle Age
18:12 Gold Mining
18:27 Fishing Lines
18:43 Man-at-Arms
19:34 Forging
21:29 Arson
24:08 Horse Collar
24:08 Long Swordsman
25:15 Stone Mining
26:09 Double-Bit Axe
27:32 Fletching
28:34 Wheelbarrow
28:18 Bow Saw
30:39 Heavy Plow
31:07 Gillnets
32:26 Gold Shaft Mining
31:40 Pikeman
33:23 Iron Casting
33:22 Scale Mail Armor
35:17 Ballistics
35:42 Chain Mail Armor
39:27 Imperial Age
37:45 Bodkin Arrow
38:34 Gambesons
40:45 Conscription
41:32 Blast Furnace
40:29 Heavy Scorpion
43:55 Stone Shaft Mining
43:53 Plate Mail Armor
42:46 Two-Handed Swordsman
44:18 Hand Cart
43:48 Town Watch
44:31 Guilds
45:20 Halberdier
46:36 Siege Engineers
47:32 Chemistry
48:04 Champion
50:01 Furor Celtica
51:36 Murder Holes
51:32 Stronghold
53:24 Fortified Wall
56:49 Capped Ram
58:25 Siege Ram
58:33 Elite Woad Raider
pain
15:45 Feudal Age
19:20 Double-Bit Axe
22:02 Castle Age
20:58 Fishing Lines
22:35 Wheelbarrow
26:10 Padded Archer Armor
26:01 Fletching
27:38 Horse Collar
28:12 Bow Saw
28:05 Gillnets
31:15 Bodkin Arrow
32:19 Leather Archer Armor
36:57 Hand Cart
42:05 Imperial Age
39:51 Scale Mail Armor
39:57 Scale Barding Armor
42:08 Cranequins
42:33 Heavy Mounted Crossbowman
52:05 Heavy Scorpion
53:12 Crossbowman
56:08 Pikeman
oKC CHIEFS FANo
7:55 Loom
17:23 Feudal Age
22:26 Castle Age
20:27 Double-Bit Axe
21:51 Scale Mail Armor
22:01 Forging
22:09 Stone Mining
22:03 Horse Collar
24:02 Squires
29:37 Chain Mail Armor
30:46 Masonry
31:10 Fletching
36:50 Bow Saw
39:49 Ballistics
40:30 Bodkin Arrow
46:56 Imperial Age
44:48 Treadmill Crane
47:06 Iron Casting
54:51 Plate Mail Armor
58:29 Wheelbarrow
[BuluC]Not_the_Viper
3:57 Loom
13:50 Feudal Age
17:33 Castle Age
15:37 Stone Mining
16:39 Double-Bit Axe
17:56 Wheelbarrow
18:32 Bow Saw
18:57 Fletching
20:36 Medium Warships
21:19 Gold Mining
21:25 Demolition Ship
24:46 Horse Collar
28:28 Heavy Plow
28:55 Ballistics
30:00 Bodkin Arrow
30:43 Bloodlines
30:33 Husbandry
31:40 Padded Archer Armor
32:49 Fishing Lines
35:43 Imperial Age
34:14 Gold Shaft Mining
33:56 Town Watch
34:28 Leather Archer Armor
34:30 Gillnets
37:07 Bracer
38:09 Chemistry
37:49 Conscription
37:48 Forging
37:44 Scale Barding Armor
39:38 Stone Shaft Mining
39:49 Iron Casting
40:39 Chain Barding Armor
41:21 Thumb Ring
41:42 Parthian Tactics
41:01 Elite Mangudai
44:13 Blast Furnace
42:58 Light Cavalry
44:37 Drill
44:57 Fortified Wall
44:35 Hussar
46:17 Heavy Camel Rider
51:33 Hoardings
51:00 Scale Mail Armor
59:12 Murder Holes
newworldorder
9:06 Loom
16:58 Feudal Age
17:18 Fishing Lines
22:14 Castle Age
22:13 Double-Bit Axe
25:44 Medium Warships
31:18 Clinker Construction
31:43 Careening
33:46 Wheelbarrow
33:26 Town Watch
36:58 Fletching
40:15 Imperial Age
38:02 Hand Cart
38:44 Husbandry
38:50 Thalassocracy
39:45 Bow Saw
41:48 Conscription
41:58 Forging
43:08 Heavy Warships
42:21 Man-at-Arms
43:15 Long Swordsman
45:16 Chemistry
44:15 Two-Handed Swordsman
45:43 Gillnets
48:24 Iron Casting
48:50 Elite Karambit Warrior
49:41 Squires
59:38 Forced Levy
iflykites
3:43 Loom
4:36 Loom
16:24 Feudal Age
23:30 Castle Age
22:18 Scale Barding Armor
22:01 Double-Bit Axe
23:04 Bloodlines
24:03 Forging
31:18 Wheelbarrow
30:55 Bow Saw
30:33 Horse Collar
32:47 Hand Cart
34:32 Elite Skirmisher
35:18 Heavy Plow
35:23 Husbandry
37:32 Chain Barding Armor
37:03 Fletching
38:56 Iron Casting
45:46 Imperial Age
43:58 Bodkin Arrow
45:26 Padded Archer Armor
45:58 Cavalier
47:17 Plate Barding Armor
46:42 Scale Mail Armor
46:45 Bracer
47:29 Pikeman
47:55 Arson
52:05 Blast Furnace
52:29 Crop Rotation
51:50 Gold Mining
56:47 Ballistics
56:22 Halberdier
57:10 Scale Mail Armor
57:26 Leather Archer Armor
58:44 Squires
Connection lost

Rejoining the realm…

Still unreachable

The connection could not be restored.

Session expired

The server has moved on; the page needs a fresh start.